[Event "Late-Titled-Tuesday-Blitz-September-26-2023"]
[Site "Chess.com"]
[Date "2023.09.26"]
[Round "7"]
[White "Defenstrator"]
[Black "sergeikim"]
[Result "0-1"]
[WhiteElo "2382"]
[BlackElo "2602"]
[TimeControl "180+1"]
[EndTime "15:15:33 PDT"]
[Termination "sergeikim won by checkmate"]

1. d4 Nf6 2. Nc3 g6 3. e4 d6 4. Bc4 Bg7 5. Qe2 O-O 6. e5 Ne8 7. e6 f5 8. d5 c6 9. h4 Nf6 10. h5 b5 11. Bb3 b4 12. Na4 cxd5 13. hxg6 hxg6 14. Nh3 Nc6 15. Nf4 Nd4 16. Qd3 Nxb3 17. axb3 Qe8 18. Qh3 g5 19. Nxd5 Bxe6 20. Nc7 g4 21.
Qh4 Qf7 22. Nxa8 Rxa8 23. Bh6 Ne4 24. Bxg7 Qxg7 25. f3 Nf6 26. O-O-O Rc8 27. Kb1 Kf7 28. fxg4 Qxg4 29. Qf2 Rc7 30. Rh4 Qxd1+ 31. Ka2 Qxc2 32. Qe3 Rc3 33. Nxc3 Qxb3+ 34. Kb1 bxc3 35. Qxc3 Qxc3 36.
bxc3 Bd5 37. Ra4 Bxg2 38. Rxa7 Be4+ 39. Kc1 f4 40. Kd2 d5 41. Ra4 e5 42. c4 dxc4 43. Rxc4 Ke6 44. Ke2 Bd5 45. Ra4 Ne4 46. Ra6+ Nd6 47.
Ra7 e4 48. Rh7 Ke5 49. Rh5+ Nf5 50. Rh8 f3+ 51. Ke1 e3 52. Re8+ Kf4 53. Rf8 f2+ 54.
Kf1 Bc4+ 55. Kg2 f1=Q+ 56. Kh2 Qf2+ 57. Kh1 Bd5# 0-1

[Event "Late-Titled-Tuesday-Blitz-September-26-2023"]
[Site "Chess.com"]
[Date "2023.09.26"]
[Round "7"]
[White "LeninGuerra"]
[Black "gabduschew"]
[Result "1-0"]
[WhiteElo "2531"]
[BlackElo "2380"]
[TimeControl "180+1"]
[EndTime "15:15:34 PDT"]
[Termination "LeninGuerra won by resignation"]

1. e4 Nc6 2. d4 d5 3. exd5 Qxd5 4. Nf3 e5 5. Nc3 Bb4 6. Bd2 Bxc3 7. Bxc3 e4 8. Ne5 Nxe5 9. dxe5 Ne7 10. Qe2 Bf5 11. Rd1 Qc6 12. g4 Bg6 13. Bg2 h5 14. gxh5 Rxh5 15.
Rd4 Rh4 16. O-O f5 17. exf6 gxf6 18. Rc4 Qd6 19. h3 O-O-O 20. Qe3 Nc6 21. Qg3 Rh6 22. Qxd6 Rxd6 23. Bxe4 Bxe4 24. Rxe4 Rxh3 25. Re8+ Kd7 26. Rg8 Rh5 27. Re1 Rg5+ 28. Rxg5 fxg5 29. Kg2 b5 30. a3 a5 31. Re4 a4 32. Rg4 Rd5 33.
Kf3 Ke6 34. Re4+ Kf5 35. Re8 Nd4+ 36. Bxd4 Rxd4 37. Ke3 Rc4 38. c3 c6 39. Rf8+ Kg4 40.
Rg8 Rf4 41. Rg6 Rc4 42. f3+ Kf5 43. Rg8 Rc5 44. Rf8+ Ke5 45. Rg8 Kf5 46. Rf8+ Ke5 47. Kd3 Rd5+ 48. Ke2 Rc5 49. Ke3 Rd5 50. f4+ gxf4+ 51.
Rxf4 Rd1 52. Re4+ Kd5 53. Rb4 Re1+ 54. Kd2 Rh1 55. Rg4 Rh2+ 56. Kc1 c5 57. Kb1 Rg2 58. Rxg2 1-0

[Event "Late-Titled-Tuesday-Blitz-September-26-2023"]
[Site "Chess.com"]
[Date "2023.09.26"]
[Round "7"]
[White "tarno17"]
[Black "PapaieDudu"]
[Result "0-1"]
[WhiteElo "2165"]
[BlackElo "2408"]
[TimeControl "180+1"]
[EndTime "15:15:34 PDT"]
[Termination "PapaieDudu won by checkmate"]

1. e4 c5 2. Nf3 d6 3. Bb5+ Nd7 4. O-O Nf6 5. Re1 a6 6. Bf1 Qc7 7. d3 e6 8. g3 Be7 9. Bg2 b5 10. Nc3 Bb7 11. a3 Nb6 12. d4 cxd4 13. Nxd4 O-O 14. Be3 Rfd8 15. Qe2 Nc4 16. Rab1 Nxe3 17. Qxe3 Rac8 18.
Rbd1 h6 19. h3 Qc5 20. Nb3 Qc7 21. Rd2 Bc6 22. Red1 a5 23. Nd4 b4 24. axb4 axb4 25.
Ncb5 Bxb5 26. Nxb5 Qa5 27. Nd4 d5 28. e5 Nd7 29. f4 Qb6 30. Kh1 Qb7 31. Qf3 Rc7 32. f5 Nxe5 33. Qf4 Nc4 34. fxe6 Bg5 35. Qg4 Nxd2 36.
exf7+ Rxf7 37. Ne6 Re8 38. Nxg5 hxg5 39. Rxd2 Qe7 40.
Kh2 Qe1 41. Qd4 Rd7 42. Bxd5+ Kh8 43. Qd3 Qe5 44. Qd4 Qxd4 45. Rxd4 Red8 46. c4 bxc3 47. bxc3 Rxd5 48. Rg4 Rd2+ 49. Kg1 R8d5 50. Kf1 Rc2 51.
Ke1 Rxc3 52. Rb4 Rxg3 53. Rb8+ Kh7 54. h4 gxh4 55. Rb4 Rh5 56. Rf4 Rg6 57. Kf2 h3 58. Kf3 h2 59. Rh4 Rxh4 60. Ke3 h1=Q 61. Kf2 Qg2+ 62.
Ke3 Rh3+ 63. Kd4 Qg4+ 64. Ke5 Rh5# 0-1

[Event "Late-Titled-Tuesday-Blitz-September-26-2023"]
[Site "Chess.com"]
[Date "2023.09.26"]
[Round "7"]
[White "McCarthyStone"]
[Black "Bodhanas"]
[Result "0-1"]
[WhiteElo "2386"]
[BlackElo "2105"]
[TimeControl "180+1"]
[EndTime "15:15:40 PDT"]
[Termination "Bodhanas won by checkmate"]

1. b3 Nf6 2. Bb2 b6 3. Nf3 Bb7 4. e3 d5 5. d4 e6 6. Bd3 Nbd7 7.
Nbd2 Bd6 8. Qe2 Qe7 9. Ne5 Bxe5 10. dxe5 Ne4 11. Nxe4 dxe4 12. Ba6 Bxa6 13. Qxa6 O-O 14.
O-O-O Nc5 15. Qb5 Rad8 16. Bd4 Rd5 17. Qc4 b5 18. Bxc5 Qxc5 19. Qxc5 Rxc5 20. Rd7 a5 21. Rhd1 g6 22. R1d4 Rxe5 23. Rxc7 b4 24. Rcc4 f5 25. Rd7 Rd5 26. Re7 Rf7 27. Rxe6 Rfd7 28. h4 Kf7 29. Rec6 Rd1+ 30. Kb2 R1d2 31. f3 exf3 32. gxf3 Re2 33. e4 fxe4 34. fxe4 Re7 35. R6c5 R2xe4 36. Rxa5 Rxc4 37. bxc4 Re4 38. Kb3 Rxh4 39. c5 Ke6 40. Ra7 Kd5 41. Rd7+ Kxc5 42. Rc7+ Kb5 43. Rb7+ Kc5 44.
Rc7+ Kb5 45. Rg7 Rh3+ 46. Kb2 Rh5 47. Kb3 Rh3+ 48. Kb2 Kc4 49. Rc7+ Kb5 50. Rb7+ Kc4 51. Rb6 Kc5 52. Rf6 Kc4 53. Rf4+ Kc5 54. Rf7 Kc4 55. a4 bxa3+ 56. Ka2 g5 57. Rg7 h6 58. Rc7+ Kd5 59. c4+ Kd6 60. Rg7 Kc5 61. Rc7+ Kb4 62. c5 Rh2+ 63. Kb1 Kc3 64. c6 Rh1+ 65. Ka2 Rc1 66. Kxa3 Ra1# 0-1

[Event "Late-Titled-Tuesday-Blitz-September-26-2023"]
[Site "Chess.com"]
[Date "2023.09.26"]
[Round "7"]
[White "micke12a"]
[Black "Herman-NY"]
[Result "0-1"]
[WhiteElo "2342"]
[BlackElo "2495"]
[TimeControl "180+1"]
[EndTime "15:15:42 PDT"]
[Termination "Herman-NY won by checkmate"]

1. e4 c5 2. Nc3 e6 3. Nge2 a6 4.
g3 b5 5. d4 cxd4 6. Nxd4 Bb7 7. Bg2 Nc6 8. O-O Nxd4 9. Qxd4 Rc8 10. Re1 f6 11. Bf4 Bc5 12. Qd3 Ne7 13. Rad1 Bc6 14.
a4 b4 15. Nd5 O-O 16. Nxe7+ Qxe7 17. b3 e5 18. Be3 Bxe3 19. Rxe3 a5 20. Bf1 Rc7 21.
Qd6 Qxd6 22. Rxd6 Kf7 23. Bc4+ Ke7 24. Rd1 Bxa4 25. Rd5 Rxc4 26. bxc4 Bxc2 27. Rxa5 Rb8 28. Ra2 b3 29. Rb2 Kd6 30. Rc3 Kc5 31. Kg2 Rb4 32. f3 Rxc4 33. Rcxb3 Bxb3 34. Rxb3 Rd4 35. Rb7 Kd6 36.
Rb6+ Ke7 37. Kh3 Kf7 38. Kg4 g6 39. h4 h5+ 40. Kh3 Rd3 41. Kg2 Rd4 42. Rb7 Rd2+ 43. Kf1 Ke6 44. Rb6+ Rd6 45. Rb8 Rd4 46. Ke2 f5 47. Rb6+ d6 48. exf5+ gxf5 49. Rb8 f4 50. gxf4 Rxf4 51. Re8+ Kd5 52. Rg8 Rxh4 53. Rg5 Kd4 54. Rg8 Rh2+ 55. Kf1 d5 56. Kg1 Rh4 57. Rg5 Rf4 58.
Rxh5 Rxf3 59. Kg2 e4 60. Rh1 Rf5 61. Rd1+ Ke5 62. Re1 d4 63. Rb1 d3 64. Rb5+ Kf4 65. Rb1 Ke3 66. Re1+ Kd4 67. Rd1 e3 68. Ra1 e2 69.
Ra4+ Ke3 70. Ra3 e1=Q 71. Rc3 Qf2+ 72. Kh3 Qf3+ 73. Kh2 Rh5+ 74. Kg1 Rh1# 0-1

[Event "Late-Titled-Tuesday-Blitz-September-26-2023"]
[Site "Chess.com"]
[Date "2023.09.26"]
[Round "7"]
[White "Yushko_Olga"]
[Black "BeautiFullMindChess"]
[Result "1-0"]
[WhiteElo "2068"]
[BlackElo "2377"]
[TimeControl "180+1"]
[EndTime "15:15:42 PDT"]
[Termination "Yushko_Olga won by checkmate"]

1. d4 Nf6 2. c4 g6 3. Nc3 Bg7 4.
Nf3 d6 5. Bg5 O-O 6. e3 c5 7.
Be2 cxd4 8. exd4 d5 9. O-O dxc4 10. Bxc4 Nc6 11. Re1 Na5 12. Bf1 Be6 13. Qa4 Rc8 14. Rad1 Bc4 15. Bxc4 Rxc4 16. Qc2 h6 17. Bh4 g5 18.
Bg3 e6 19. h3 Nd5 20. Qd3 Rc8 21. Ne5 Nxc3 22. bxc3 Nc6 23. Nxc6 Rxc6 24. c4 Qc8 25. c5 Rd8 26. Qe4 Rd5 27. Bd6 b6 28. h4 bxc5 29. dxc5 Rxd1 30. Rxd1 Ra6 31. hxg5 hxg5 32. Qg4 f6 33.
Re1 Kf7 34. Qh5+ Kg8 35. Qg4 Kf7 36. a4 Qd7 37. Qh5+ Kg8 38. Rb1 Rxd6 39. cxd6 Qxd6 40.
Qe8+ Kh7 41. a5 f5 42. Qh5+ Kg8 43. Qxg5 a6 44. Rc1 Qd7 45. Qg6 Kf8 46. Re1 e5 47.
Rb1 Qc8 48. Qb6 e4 49. Qd6+ Kg8 50. Rb8 Qxb8 51. Qxb8+ Kh7 52. Qf4 Kg6 53. Qd6+ Bf6 54. Qxa6 Kg5 55. Qe2 f4 56. Qxe4 Kg4 57. f3+ Kg3 58.
Qg6+ Kh4 59. Qg4# 1-0

[Event "Late-Titled-Tuesday-Blitz-September-26-2023"]
[Site "Chess.com"]
[Date "2023.09.26"]
[Round "7"]
[White "Likvidator228"]
[Black "Willychess95"]
[Result "0-1"]
[WhiteElo "2553"]
[BlackElo "2709"]
[TimeControl "180+1"]
[EndTime "15:15:43 PDT"]
[Termination "Willychess95 won by checkmate"]

1. d4 Nf6 2. c4 e6 3. Nc3 Bb4 4. e3 Bxc3+ 5. bxc3 c5 6. Bd3 d6 7. f4 Nc6 8. Nf3 b6 9. e4 Qe7 10. e5 Nd7 11. O-O Ba6 12. Be3 O-O-O 13. Qe2 h6 14. Rab1 Rhe8 15. Rfe1 Na5 16. Nd2 Nb7 17. Qf3 Nb8 18. Be4 Qc7 19. Qg3 g6 20. h3 Nc6 21. Qf3 Nca5 22. Bd3 d5 23. Qf1 cxd4 24.
Bxd4 Nxc4 25. Nxc4 Bxc4 26. a4 Na5 27. Kh2 Qc6 28. Rb4 Re7 29. Reb1 Bxd3 30. Qxd3 Nc4 31. a5 Rb7 32. axb6 axb6 33. Ra1 Kd7 34. Qe2 h5 35. Qf2 Rdb8 36. Qh4 Qc8 37. Qf6 Qe8 38. Ra6 Qe7 39. Qg7 Kc6 40. Qh6 Qf8 41. Qg5 Qd8 42. Qg3 Kd7 43. Qf2 Qc7 44. Qg3 Ra7 45. Rxa7 Qxa7 46.
f5 gxf5 47. Qg7 Kc6 48. Qh7 Rb7 49. Qxh5 Qa2 50. Qf3 Rb8 51. h4 Rg8 52. h5 Kd7 53. Bxb6 Qd2 54. Bd4 Qg5 55. Rb7+ Kc6 56. Rxf7 Nd2 57. Qh3 Nf1+ 58. Kg1 Qc1 59. Qd3 Ng3+ 60. Kf2 Qb2+ 61. Kg1 Qc1+ 62. Kf2 Nh1+ 63. Ke2 Rxg2+ 64. Kf3 Rg3+ 65. Ke2 Qb2+ 66. Qd2 Rg2+ 67. Kf3 Qxd2 68. h6 Qe2+ 69. Kf4 Qe4# 0-1

[Event "Late-Titled-Tuesday-Blitz-September-26-2023"]
[Site "Chess.com"]
[Date "2023.09.26"]
[Round "7"]
[White "kai_nov"]
[Black "Bilan_Danila"]
[Result "1/2-1/2"]
[WhiteElo "2271"]
[BlackElo "2505"]
[TimeControl "180+1"]
[EndTime "15:15:45 PDT"]
[Termination "Game drawn by stalemate"]

1. d4 d5 2. c4 c6 3. Nf3 Nf6 4. e3 e6 5. Nbd2 Nbd7 6. Bd3 Bd6 7. O-O O-O 8. e4 dxe4 9. Nxe4 Nxe4 10. Bxe4 h6 11. Bc2 c5 12. Qd3 Nf6 13. Ne5 cxd4 14. Bf4 Qc7 15. Ng4 Ne4 16. Qxe4 f5 17. Bxd6 Qxd6 18. Qe5 Qe7 19. Nxh6+ gxh6 20. Rad1 Bd7 21. Rxd4 Bc6 22. Rfd1 Rae8 23. f3 Qg7 24. f4 Qxe5 25.
fxe5 Kf7 26. b4 a6 27. Kf2 Rg8 28. g3 Re7 29. a4 Be8 30. Rd6 Rg4 31. R1d4 Rxd4 32.
Rxd4 Rc7 33. Ke3 Bc6 34. Bb3 Be8 35. c5 Bd7 36. Rd6 Ke7 37. Kd4 Rc8 38. Bc4 Rg8 39.
b5 axb5 40. axb5 Rg4+ 41. Kc3 Re4 42. c6 bxc6 43. bxc6 Bc8 44. c7 Rxe5 45. Rd8 Bd7 46. c8=Q Bxc8 47. Rxc8 Re1 48. Rh8 e5 49. Rxh6 f4 50.
Re6+ Kd7 51. gxf4 Rc1+ 52. Kb3 Rxc4 53. Kxc4 Kxe6 54. fxe5 Kxe5 55. Kd3 Kf5 56. Ke3 Kg5 57.
Kf2 Kh4 58. Kg2 Kg4 59. h3+ Kh4 60. Kh2 Kh5 61. Kg3 Kh6 62. h4 Kh7 63. Kg4 Kh8 64. Kg5 Kg8 65. h5 Kh8 66. Kg6 Kg8 67. h6 Kh8 68. h7 1/2-1/2

[Event "Late-Titled-Tuesday-Blitz-September-26-2023"]
[Site "Chess.com"]
[Date "2023.09.26"]
[Round "7"]
[White "TigrVShlyape"]
[Black "mishanick"]
[Result "0-1"]
[WhiteElo "2972"]
[BlackElo "3100"]
[TimeControl "180+1"]
[EndTime "15:15:48 PDT"]
[Termination "mishanick won on time"]

1. d4 Nf6 2. Bf4 d5 3. e3 c5 4. c3 e6 5. Nd2 Bd6 6. Bb5+ Nc6 7. Bxc6+ bxc6 8. Bxd6 Qxd6 9. Qa4 Nd7 10. Ngf3 cxd4 11.
cxd4 c5 12. Qa3 Qa6 13. Qxa6 Bxa6 14. Rc1 Rc8 15. Nb3 c4 16. Nbd2 Ke7 17. Nb1 Rb8 18.
Rc2 Rb7 19. Kd2 Rhb8 20. Kc1 Bb5 21. Nc3 Bc6 22. Nd2 Nb6 23. b3 a5 24. bxc4 dxc4 25.
f3 Nd5 26. Nxd5+ exd5 27. Re1 Ba4 28. Rc3 Rb2 29. e4 Rxa2 30. exd5+ Kd8 31. Nxc4 Rb4 32. d6 f6 33. d5 Bb5 34. Re4 Ra1+ 35. Kd2 Ra2+ 36.
Ke3 Bxc4 37. Rexc4 Rxc4 38. Rxc4 Rxg2 39. h4 Kd7 40.
Rc6 a4 41. Ra6 a3 42. Kf4 a2 43. h5 Rg5 44. Rxa2 Kxd6 45. h6 g6 46. Ra7 Kxd5 47. Rxh7 Rh5 48. Rf7 Ke6 49. Rh7 Rh4+ 50. Kg3 g5 51.
Rh8 Kf5 52. h7 Kg6 53. Rb8 Kxh7 54. Rb5 Kg6 55. Rc5 Rd4 56. Rb5 Rd3 57. Rb8 f5 58. Rg8+ Kf6 59. Rf8+ Ke6 60. Kf2 Ke5 61. Ra8 Rd2+ 62.
Kg3 f4+ 63. Kh3 Rf2 64. Ra5+ Kd4 65. Kg4 Rg2+ 66. Kf5 Ke3 67. Ra3+ Kf2 68. Ke4 Kg3 69. Kf5 Rf2 0-1

[Event "Late-Titled-Tuesday-Blitz-September-26-2023"]
[Site "Chess.com"]
[Date "2023.09.26"]
[Round "7"]
[White "SEBAZZANO"]
[Black "KorolDimitriy75"]
[Result "1-0"]
[WhiteElo "2224"]
[BlackElo "2360"]
[TimeControl "180+1"]
[EndTime "15:15:49 PDT"]
[Termination "SEBAZZANO won by checkmate"]

1. d4 Nf6 2. Bf4 c5 3. e3 Qb6 4. b3 d5 5. Nf3 Nc6 6. Be2 g6 7. O-O Bg7 8. c3 O-O 9. Nbd2 Bf5 10. Ne5 Rac8 11. h3 Rfd8 12. Rc1 Ne4 13. Nxe4 Bxe4 14. Nxc6 Rxc6 15. Bd3 Bxd3 16. Qxd3 Rdc8 17. dxc5 Qxc5 18.
c4 d4 19. exd4 Qxd4 20. Qxd4 Bxd4 21. Rcd1 e5 22. Be3 Bxe3 23. fxe3 f5 24. Rd7 R8c7 25. Rfd1 h5 26. Kf2 Kf8 27. Kg3 Ke8 28. Rxc7 Rxc7 29.
Rd6 Kf7 30. Kh4 Re7 31. Kg5 b6 32. Rxg6 f4 33. exf4 e4 34. Rd6 e3 35. Rd1 e2 36.
Re1 Re4 37. Kxh5 Kf6 38. Kg4 Ke6 39. Kf3 Kf5 40. Rxe2 Rxf4+ 41. Kg3 Rd4 42. Rf2+ Kg5 43. Rf7 Rd3+ 44. Kf2 Rd2+ 45. Kg3 Rxa2 46. h4+ Kg6 47.
Rf3 Ra3 48. Kf4 a5 49. g4 Kh6 50.
h5 a4 51. bxa4 Rxa4 52. Rc3 b5 53. Ke5 Kg5 54. cxb5 Rb4 55. Rc5 Kxg4 56. Kd6 Rd4+ 57. Kc7 Rb4 58. b6 Kh4 59. b7 Rb3 60. b8=Q Rxb8 61.
Kxb8 Kg4 62. h6 Kf4 63. h7 Ke4 64. h8=Q Kd3 65. Qe5 Kd2 66. Qd6+ Ke3 67. Re5+ Kf3 68. Qf6+ Kg4 69. Rg5+ Kh4 70. Qh6# 1-0

[Event "Late-Titled-Tuesday-Blitz-September-26-2023"]
[Site "Chess.com"]
[Date "2023.09.26"]
[Round "7"]
[White "IgorBjelobrk"]
[Black "dretch"]
[Result "1/2-1/2"]
[WhiteElo "2621"]
[BlackElo "2842"]
[TimeControl "180+1"]
[EndTime "15:15:55 PDT"]
[Termination "Game drawn by repetition"]

1. d4 d5 2. c4 c6 3. Nf3 Nf6 4.
Qc2 dxc4 5. e4 b5 6. b3 cxb3 7. axb3 e6 8. Bd3 Bb7 9. O-O h6 10. Nc3 Na6 11. Qe2 Nb4 12. Bb1 a6 13. Rd1 Be7 14.
h3 Qc7 15. Bb2 Rd8 16. Rc1 Qb6 17. e5 Nd7 18. Ne4 Nd5 19. Qc2 Rc8 20. Nc5 Nxc5 21.
dxc5 Qc7 22. Qe4 a5 23. Nd4 Bg5 24. Rd1 Rd8 25. g3 Be7 26. Rc1 h5 27. h4 g5 28.
hxg5 Bxg5 29. f4 Bh6 30. Rf1 Bf8 31. Rc1 h4 32. g4 h3 33. Kh2 Bc8 34. g5 Rh4 35.
Ne2 Ne7 36. Bd4 Nf5 37. Bf2 Rh8 38. Ra2 b4 39. Qf3 Ba6 40. Ng3 Nd4 41. Bxd4 Rxd4 42. g6 fxg6 43. Bxg6+ Kd8 44. Ne4 Bh6 45. Rd1 Rd5 46.
Rxd5+ cxd5 47. Nd6 Kd7 48. f5 Rf8 49. fxe6+ Kc6 50.
Nf7 Bg7 51. Kxh3 Bxe5 52. Rd2 Bc8 53. Qxd5+ Kb5 54. c6+ Ka6 55. Nxe5 Rh8+ 56. Kg4 Qe7 57. Bd3+ Ka7 58. Qd4+ Ka8 59. Bf5 Rh4+ 60. Kf3 Rxd4 61. Rxd4 Qc5 62. Ke4 Ka7 63. e7 Qxe7 64. Bxc8 Qh4+ 65.
Kd5 Qd8+ 66. Bd7 Kb6 67. Rc4 Kc7 68. Rc5 Qg8+ 69. Kd4 Qxb3 70. Rxa5 Qc3+ 71. Kd5 Qd2+ 72. Kc5 Qc3+ 73. Kd5 Qd2+ 74. Kc5 Qc3+ 75. Kd5 1/2-1/2

[Event "Late-Titled-Tuesday-Blitz-September-26-2023"]
[Site "Chess.com"]
[Date "2023.09.26"]
[Round "7"]
[White "BillieKimbah"]
[Black "Druid24"]
[Result "1/2-1/2"]
[WhiteElo "2973"]
[BlackElo "2710"]
[TimeControl "180+1"]
[EndTime "15:16:18 PDT"]
[Termination "Game drawn by repetition"]

1. d4 Nf6 2. Nf3 e6 3. Bg5 h6 4. Bh4 b6 5. e3 Bb7 6. Nbd2 d6 7. h3 Nbd7 8. Bd3 g5 9. Bg3 Bg7 10. Qe2 Qe7 11. e4 e5 12. c3 O-O-O 13. d5 Nh5 14. O-O-O Nf4 15. Bxf4 exf4 16. Ba6 Rhe8 17. Rhe1 f5 18. Qb5 Qf7 19. Nb3 Nc5 20. Nxc5 dxc5 21.
e5 Kb8 22. Bxb7 Kxb7 23. e6 Qe7 24. Ne5 Bxe5 25. Rxe5 Qd6 26. Rxf5 Rxe6 27. Qc6+ Kb8 28. Qxd6 Rexd6 29. c4 c6 30. a4 cxd5 31. cxd5 Kc7 32. Kc2 R8d7 33. Kc3 Re7 34. Rd2 a6 35. h4 Rg6 36.
hxg5 hxg5 37. a5 bxa5 38. d6+ Rxd6 39. Rxd6 Kxd6 40. Rxg5 Re2 41. Rg6+ Kd5 42. Rg5+ Kc6 43. f3 a4 44. Rg4 Re3+ 45. Kc2 a3 46. bxa3 Rxa3 47. Kb2 Re3 48. Rxf4 Re2+ 49. Kb3 Rxg2 50. Rf8 Rg1 51. f4 Rb1+ 52. Kc2 Rb4 53. f5 Rf4 54.
Kc3 Rf3+ 55. Kc4 Rf4+ 56. Kc3 Kb5 57. f6 Rf3+ 58. Kc2 Kc4 59. Kd2 Rf2+ 60. Ke3 Rf1 61.
Ke2 Rf5 62. Kd2 a5 63. f7 a4 64. Kc1 Rf2 65. Kb1 a3 66. Ra8 Rf1+ 67. Kc2 Rxf7 68.
Rxa3 Rf2+ 69. Kc1 Rf1+ 70. Kc2 Rf2+ 71. Kc1 Rg2 72. Rf3 Kb4 73. Kb1 c4 74. Kc1 Rh2 75.
Rg3 c3 76. Rg8 Rh1+ 77. Kc2 Rh2+ 78. Kc1 Kb3 79. Rb8+ Kc4 80. Rc8+ Kb3 81. Rb8+ Kc4 82. Rc8+ Kb3 83. Rb8+ 1/2-1/2

[Event "Late-Titled-Tuesday-Blitz-September-26-2023"]
[Site "Chess.com"]
[Date "2023.09.26"]
[Round "7"]
[White "Harsha_Bharathakoti"]
[Black "ValeriyGrinev"]
[Result "1-0"]
[WhiteElo "2901"]
[BlackElo "2578"]
[TimeControl "180+1"]
[EndTime "15:16:18 PDT"]
[Termination "Harsha_Bharathakoti won by checkmate"]

1. Nf3 c5 2. c4 Nc6 3. d4 cxd4 4. Nxd4 Nf6 5. Nc3 e6 6. g3 Qb6 7. Nb3 Ne5 8. e4 Bb4 9. Qe2 d6 10. Bd2 Bd7 11. f4 Nc6 12. O-O-O O-O 13. e5 Ne8 14. exd6 Nxd6 15. c5 Bxc5 16. Na4 Nd4 17. Nxb6 Nxe2+ 18. Bxe2 axb6 19. Nxc5 bxc5 20. Bc3 Bb5 21. Rxd6 Bxe2 22.
a3 Rfd8 23. Rd2 Bf3 24. Rxd8+ Rxd8 25. Rf1 Bd5 26. Rd1 f6 27. Rd3 Kf7 28. Kd2 Ra8 29.
Ke3 Ra4 30. Kf2 b5 31. Bd2 h5 32. Be3 c4 33. Rd1 b4 34. axb4 Rxb4 35. Bd4 Rb3 36.
Bc3 Rb7 37. Ra1 Be4 38. Ke3 Bc2 39. Kd4 Bb3 40. Ra5 Rd7+ 41. Ke3 Rd3+ 42. Kf2 h4 43. Ra1 hxg3+ 44. hxg3 Bd1 45. Ra7+ Kg6 46. Rc7 Bf3 47. Rxc4 Bd5 48. Rd4 Rf3+ 49. Ke2 Rxg3 50. Bd2 Kf5 51. Rb4 Rg2+ 52. Ke3 Rh2 53. Rb8 Rh3+ 54. Ke2 Bc4+ 55. Kf2 Ke4 56. Rd8 Bd5 57. b4 Rh2+ 58. Ke1 Kd3 59. f5 Rxd2 60. Kf1 Rd1+ 61. Kf2 Ke4 62. fxe6 Rd2+ 63. Ke1 Rd3 64. e7 Re3+ 65. Kf2 Kf4 66.
e8=Q Rxe8 67. Rxe8 Bc4 68. Rc8 Bd3 69. Rc3 Ba6 70.
Rc6 Bd3 71. Rc5 Ke4 72. b5 Kd4 73. b6 Kxc5 74. b7 Kd4 75. b8=Q Be4 76. Qf8 Ke5 77.
Qxg7 Bd5 78. Ke3 Ke6 79. Kf4 Bc6 80. Qc7 Bd5 81. Qb6+ Ke7 82. Kf5 Ke8 83. Qxf6 Kd7 84. Ke5 Bc6 85. Qd6+ Ke8 86. Kf6 Bd5 87. Qe7# 1-0

[Event "Late-Titled-Tuesday-Blitz-September-26-2023"]
[Site "Chess.com"]
[Date "2023.09.26"]
[Round "7"]
[White "GothamChess"]
[Black "Pedrada88"]
[Result "0-1"]
[WhiteElo "2704"]
[BlackElo "2587"]
[TimeControl "180+1"]
[EndTime "15:16:23 PDT"]
[Termination "Pedrada88 won on time"]

1. e4 c6 2. d4 d5 3. f3 e6 4.
Nc3 Bb4 5. a3 Bxc3+ 6. bxc3 dxe4 7. Nh3 Nf6 8. fxe4 Nxe4 9. Qg4 Nf6 10. Qxg7 Rg8 11. Qh6 Rg6 12. Qh4 Qa5 13. Bd2 Nbd7 14. c4 Qb6 15. Bc3 Rg4 16. Qf2 Ne4 17. Qf3 Nxc3 18. Qxg4 Qb2 19. Rd1 Nxd1 20. Qxd1 Qxa3 21. Be2 Qc3+ 22. Qd2 Qxd2+ 23. Kxd2 c5 24. c3 b6 25. Bf3 Rb8 26. Ng5 h6 27. Ne4 Ke7 28. Ra1 a5 29. dxc5 f5 30. c6 fxe4 31. cxd7 exf3 32.
dxc8=Q Rxc8 33. gxf3 Rxc4 34. Rb1 Rc6 35. Rg1 Kf6 36.
Kd3 a4 37. Rb1 Kf5 38. Rb4 Rd6+ 39. Ke3 Rc6 40. Kd3 b5 41. Rxb5+ e5 42. Rb4 Ra6 43.
Kc2 a3 44. Kb1 a2+ 45. Ka1 h5 46. Rb5 Ra3 47. Rc5 Kf4 48. h4 Kxf3 49. Rxe5 Kg4 50.
Re4+ Kg3 51. Rc4 Kf3 52. Rc5 Kg4 53. Rc4+ Kf3 54. Rc5 Kg4 55. Rc4+ Kh3 56. Rd4 Rxc3 57.
Kxa2 Rg3 58. Kb2 Rg4 59. Rd3+ Kxh4 60. Kc2 Rg3 61. Rd5 Kg4 62. Kd2 Rf3 63. Ke2 Rf8 64. Re5 h4 65. Re7 h3 66. Rg7+ Kh4 67. Rh7+ Kg3 68. Rg7+ Kh2 69. Ke1 Kh1 70. Rg6 h2 71. Rg5 Ra8 72. Kf2 Ra2+ 73. Kf1 Ra1+ 74. Kf2 Rg1 75. Rh5 Rg6 76. Kf1 Rf6+ 77. Ke2 Kg2 78. Rg5+ Kh3 79. Rh5+ Kg3 80. Rg5+ Kh4 81. Rg7 Rh6 82.
Rf7 h1=Q 83. Rf4+ Kg3 0-1

[Event "Late-Titled-Tuesday-Blitz-September-26-2023"]
[Site "Chess.com"]
[Date "2023.09.26"]
[Round "7"]
[White "whitemirrorninja"]
[Black "SaqoChess_Twitch"]
[Result "1-0"]
[WhiteElo "2495"]
[BlackElo "2627"]
[TimeControl "180+1"]
[EndTime "15:16:32 PDT"]
[Termination "whitemirrorninja won by checkmate"]

1. e4 c5 2. Nf3 d6 3. Nc3 Nf6 4. e5 dxe5 5. Nxe5 Nbd7 6. d4 Nxe5 7. dxe5 Qxd1+ 8. Nxd1 Nd5 9. Ne3 Nxe3 10. Bxe3 b6 11. a4 Bd7 12. a5 Bc6 13. axb6 axb6 14. Rxa8+ Bxa8 15. Bb5+ Kd8 16. O-O Kc7 17. e6 fxe6 18. Bf4+ Kc8 19. Rd1 g5 20. Be5 Rg8 21. Bd7+ Kb7 22.
Bxe6 Rg6 23. Bd5+ Ka6 24. Ra1+ Kb5 25. c4+ Kb4 26. Rxa8 Bh6 27. Ra3 Bg7 28. Bxg7 Rxg7 29. Re3 g4 30. g3 h5 31. Kf1 Rg5 32. Ke2 b5 33. cxb5 Rxd5 34. b6 Rd7 35. Re5 Rb7 36. Rxh5 Rxb6 37. Re5 c4 38. Kd2 Kb3 39. Kc1 Rf6 40.
Re3+ Kb4 41. Re2 e6 42. Kc2 Rh6 43. Kd2 Rxh2 44. Ke3 Rh6 45. Kf4 Rg6 46. Ke5 Kb3 47.
Re4 Rg8 48. Rf4 Rc8 49. Rxg4 Kxb2 50. Kxe6 c3 51. Rb4+ Ka3 52. Rb1 c2 53. Rh1 Rc3 54. g4 Rf3 55. g5 Rxf2 56. g6 Re2+ 57. Kf7 Rf2+ 58. Ke7 Re2+ 59. Kf7 Rf2+ 60. Ke7 Rd2 61. g7 Rd1 62. Rh3+ Kb2 63. g8=Q Re1+ 64. Kd7 Rd1+ 65. Ke8 Re1+ 66. Kf8 c1=Q 67. Qb3+ Ka1 68. Qa4+ Kb2 69. Rb3+ Kc2 70. Ra3+ Kd2 71. Qd4+ Ke2 72. Qd3+ Kf2 73. Qf3+ Kg1 74. Qg4+ Kf2 75. Rf3+ Ke2 76. Rc3+ Kd2 77. Qd4+ Ke2 78. Qd3+ Kf2 79. Qf3+ Kg1 80. Qg3+ Kf1 81. Rxc1 Rxc1 82. Qf4+ Ke2 83. Qxc1 Kd3 84. Qc6 Ke2 85.
Qd6 Ke3 86. Qe6+ Kf4 87. Ke7 Kg5 88. Kd6 Kf4 89. Kd5 Kg5 90. Qe5+ Kg4 91. Kd4 Kf3 92.
Qf5+ Ke2 93. Qf4 Kd1 94. Qf2 Kc1 95. Kc3 Kb1 96. Qb2# 1-0

[Event "Late-Titled-Tuesday-Blitz-September-26-2023"]
[Site "Chess.com"]
[Date "2023.09.26"]
[Round "7"]
[White "ritanovikova"]
[Black "NicholasTakano"]
[Result "0-1"]
[WhiteElo "2175"]
[BlackElo "2409"]
[TimeControl "180+1"]
[EndTime "15:16:53 PDT"]
[Termination "NicholasTakano won on time"]

1. d4 Nf6 2. Bf4 g6 3. c3 Bg7 4. Nf3 O-O 5. Nbd2 d6 6. e4 Nbd7 7. Bd3 Re8 8. O-O e5 9. Bg5 h6 10. Bh4 c6 11. Qc2 g5 12. Bg3 Nh5 13. Nc4 Nf4 14.
Rfd1 Qc7 15. dxe5 dxe5 16. Bf1 b5 17. Nd6 Rd8 18. Nf5 g4 19. N3h4 Nf6 20. Rd2 Be6 21.
Rad1 h5 22. Ne3 Bh6 23. Nhf5 Bg5 24. Rd6 Rxd6 25. Rxd6 Rd8 26. Rxc6 Qb7 27. Rc5 Nxe4 28. Rxb5 Qc6 29. Ne7+ Bxe7 30. Rxe5 Nxg3 31. hxg3 Ng6 32. Rxh5 Bf6 33. Bd3 Ne5 34. Bf5 Bg7 35. Rg5 Kf8 36.
Be4 Qd6 37. Bf5 Qd2 38. Qxd2 Rxd2 39. Bxe6 fxe6 40. b3 Rxa2 41. c4 Rb2 42. Nxg4 Nxg4 43. Rxg4 Rxb3 44. Re4 Rb6 45. c5 Rc6 46. Ra4 Rc7 47. Ra6 Ke7 48. Kf1 Bd4 49. c6 Bb6 50. g4 Rxc6 51. g5 Rc1+ 52. Ke2 Rc2+ 53. Kd3 Rxf2 54.
g4 Rg2 55. Ra4 Rg3+ 56. Ke2 Kd6 57. g6 Ke7 58. Rf4 e5 59. g7 exf4 60. g8=Q Re3+ 61. Kd2 f3 62. Qh7+ Kd6 63. Qh6+ Ke7 64. Qh7+ Kf6 65. Qf5+ Kg7 66. g5 f2 67. Qf6+ Kg8 68. Qg6+ Kf8 69.
Qf5+ Ke8 70. g6 Re7 71. Qf6 Rd7+ 72. Kc2 Re7 73. g7 Rc7+ 74. Kb3 Rxg7 75. Qxg7 f1=Q 76.
Qg8+ Kd7 77. Qh7+ Kd6 78. Qg6+ Ke5 79. Qh5+ Qf5 80. Qe2+ Qe4 81. Qb5+ Qd5+ 82. Ka4 Qxb5+ 83.
Kxb5 Kd6 84. Ka4 Kc7 85. Kb3 Kb7 86. Ka2 a5 87. Ka1 Ka6 88. Ka2 Kb5 89. Ka1 Kb4 90.
Ka2 a4 91. Ka1 a3 92. Ka2 Ka4 93. Ka1 Kb3 94. Kb1 Bd4 0-1